Cogmind - Beta 16 @@@ ROGUE MODE // 2025.10.23 @ 15:57:55 Player: alice_fexa Result: Destroyed by II-TKL(x) with Makeshift Spear Performance ------------- Evolutions (0) 0 Regions Visited (4) 800 Robots Destroyed (17) 85 Value Destroyed (365) 365 Prototype IDs (6) 120 Alien Tech Used (0) 0 Bonus (800) 800 TOTAL SCORE: 2170 Bonus ------- Registered with UFD 300 Met Optimus in HQ 500 Cogmind --------- Core Integrity 0/250 Matter 300/300 Energy 290/290 System Corruption 0% Temperature Cool (0) Movement Rolling (100) Ox1 Location -9/Scraptown Parts ------- > --- POWER (1) -------- Improved Deuterium Engine > --- PROPULSION (2) --- Wheel Armored Wheel > --- UTILITY (2) ------ Large Storage Unit Hardened Medium Armor Plating > --- WEAPON (2) ------- Greatsword > --- INVENTORY (15) --- Fission Core Light Treads Aluminum Leg Aluminum Leg Improved Aluminum Leg Deep Structural Scanner Enhanced Optical Array Advanced Melee Analysis Suite Advanced Melee Analysis Suite Microactuators ECM Suite Mining Claw Ripper Thermal Lance Vortex Trap Peak State ------------ > --- POWER ------------ Improved Deuterium Engine > --- PROPULSION ------- Wheel Armored Wheel > --- UTILITY ---------- Large Storage Unit Hardened Medium Armor Plating > --- WEAPON ----------- Greatsword > --- INVENTORY -------- Fission Core Light Treads Aluminum Leg Aluminum Leg Improved Aluminum Leg Deep Structural Scanner Enhanced Optical Array Advanced Melee Analysis Suite Advanced Melee Analysis Suite Microactuators ECM Suite Mining Claw Ripper Thermal Lance Vortex Trap [Rating: 24] Favorites ----------- Power Ion Engine Engine Ion Engine Power Core Fission Core Propulsion Aluminum Leg Treads Light Treads Leg Aluminum Leg Wheel Armored Wheel Utility Large Storage Unit Device Improved Heat Sink Storage Large Storage Unit Protection Hardened Medium Armor Plating Weapon Mining Claw Slashing Weapon Mining Claw Build | -11 -10 -10 -10 -9 ------- Run | Yrd Mat Min Sub Scr Slots Evolved . | . . . . . Power . | . . . . . Propulsion . | . . . . . Utility . | . . . . . Weapon . | . . . . . Parts Attached 20 | 4 8 1 1 6 Power 5 | 1 1 . . 3 Engine 4 | 1 1 . . 2 Core 1 | . . . . 1 Reactor . | . . . . . Propulsion 7 | 2 3 . . 2 Treads 3 | 2 1 . . . Leg 2 | . 2 . . . Wheel 2 | . . . . 2 Hover . | . . . . . Flight . | . . . . . Utility 4 | 1 2 1 . . Device 1 | . 1 . . . Storage 2 | 1 1 . . . Processor . | . . . . . Hackware . | . . . . . Protection 1 | . . 1 . . Artifact . | . . . . . Weapon 4 | . 2 . 1 1 Energy Gun . | . . . . . Energy Cannon . | . . . . . Ballistic Gun . | . . . . . Ballistic Cannon . | . . . . . Launcher . | . . . . . Special Weapon . | . . . . . Impact Weapon . | . . . . . Slashing Weapon 4 | . 2 . 1 1 Piercing Weapon . | . . . . . Special Melee Weapon . | . . . . . Unidentified Prototypes . | . . . . . Parts Lost 2 | . 2 . . . Power . | . . . . . Propulsion 2 | . 2 . . . Utility . | . . . . . Weapon . | . . . . . Highest Loss Streak 1 | . 1 . . . To Critical Strikes . | . . . . . Average Backups 11 | 1 7 14 14 14 Power 2 | . 1 3 4 1 Propulsion 3 | 1 2 4 3 3 Utility 4 | . 1 4 5 5 Weapon 2 | . 1 2 2 2 Tool/Special . | . . . . . Unused Backups 24 | . 4 2 . 18 Power 3 | . . . . 3 Propulsion 7 | . 3 2 . 2 Utility 11 | . 1 . . 10 Weapon 3 | . . . . 3 Tool/Special . | . . . . . Average Slot Usage (%) 86 | . 77 100 100 87 Engine 11 | . 10 14 14 10 Core 1 | . . . . 3 Treads 6 | . 20 . . . Leg 11 | . 7 28 28 8 Wheel 9 | . . . . 19 Device 3 | . 8 12 . . Storage 12 | . 9 14 14 13 Protection 8 | . . 1 14 13 Slashing Weapon 20 | . 20 28 28 17 Peak Build Rating 24 | 4 10 10 13 24 Average Rating 13 | 3 6 9 11 19 On Entrance 7 | . 4 10 10 13 Avg Prop Armor Cover (%) 38 | . 41 . . 34 Naked Turns . | . . . . . Heaviest Build 43 | 10 30 37 38 43 Greatest Support 40 | 40 40 20 20 22 Greatest Overweight (x) 9 | . 9 1 1 2 Average Overweight (x) . | . . 1 1 . Largest Inventory Capacity 15 | 8 15 15 15 15 Average Capacity 13 | 6 10 15 15 14 Most Carried 15 | 3 14 15 15 15 Average Carried 11 | 2 7 14 14 14 Final Capacity 15 | 8 15 15 15 15 Final Carried 15 | 3 14 14 15 15 Class Distribution -------------------- 82% | Mutant 17% | Scavenger-Mutant Dominant Class ---------------- Mutant | -10/Materials Scavenger-Mutant | -10/Mines Mutant | -10/Subcaves Mutant | -9/Scraptown Resources | -11 -10 -10 -10 -9 ----------- Run | Yrd Mat Min Sub Scr Matter Collected 424 | 234 80 . 20 90 Remotely . | . . . . . Salvage Created 530 | . 380 104 46 . Parts 39 | . 26 10 3 . Haulers Intercepted 1 | . 1 . . . Recyclers Shooed . | . . . . . Parts Field Recycled . | . . . . . Retrieved Matter . | . . . . . Parts Self-Destructed . | . . . . . Prevented . | . . . . . Parts Restored . | . . . . . Kills | -11 -10 -10 -10 -9 ------- Run | Yrd Mat Min Sub Scr Combat Hostiles Destroyed 11 | . 7 3 1 . Melee 11 | . 7 3 1 . Classes Destroyed 8 | . 6 1 1 . Worker 1 | . 1 . . . Hauler 1 | . 1 . . . Recycler 2 | . 1 1 . . Mechanic 1 | . 1 . . . Watcher 1 | . 1 . . . Swarmer 3 | . . 3 . . Grunt 7 | . 7 . . . Subdweller 1 | . . . 1 . Best Kill Streak 3 | . 2 3 1 . Combat Bots Only 3 | . 2 3 1 . Max Kills in Single Turn 1 | . 1 1 1 . Gunslinging . | . . . . . Exploded . | . . . . . Melee 1 | . 1 1 1 . Uniques/NPCs Destroyed . | . . . . . Combat | -11 -10 -10 -10 -9 -------- Run | Yrd Mat Min Sub Scr Hostile Shots Fired 96 | . 80 12 2 2 Missed 29 | . 26 3 . . Hits 67 | . 54 9 2 2 Melee 2 | . . . . 2 Projectile 65 | . 54 9 2 . Critical Strikes 1 | . . 1 . . Damage Taken 820 | . 650 68 46 56 Core 253 | . 191 6 . 56 Absorbed by Shields . | . . . . . Core Remaining (%) 100 | 100 . . . . Volleys Fired . | . . . . . Largest . | . . . . . Hottest . | . . . . . Shots Fired . | . . . . . Gun . | . . . . . Cannon . | . . . . . Launcher . | . . . . . Special . | . . . . . Kinetic . | . . . . . Thermal . | . . . . . Explosive . | . . . . . Electromagnetic . | . . . . . Robot Hit Streak . | . . . . . Robot Miss Streak . | . . . . . Penetration Max . | . . . . . Secondary Targets . | . . . . . Shots Hit Robots 42 | . 26 9 6 1 Core Hits 20 | . 14 4 2 . Critical Kills . | . . . . . Critical Parts Destroyed . | . . . . . Critical Strikes 1 | . . . . 1 Sever 1 | . . . . 1 Melee Attacks 73 | . 44 13 14 2 Impact . | . . . . . Slashing 73 | . 44 13 14 2 Piercing . | . . . . . Sneak Attacks 9 | . 7 2 . . Combat Hostiles . | . . . . . Follow-up Attacks 11 | . 5 4 2 . Damage Inflicted 1208 | . 788 267 142 11 Guns . | . . . . . Cannons . | . . . . . Explosions . | . . . . . Melee 1180 | . 760 267 142 11 Ramming 28 | . 28 . . . Kinetic . | . . . . . Thermal . | . . . . . Explosive . | . . . . . Electromagnetic . | . . . . . Impact . | . . . . . Slashing 1180 | . 760 267 142 11 Piercing . | . . . . . Highest Corruption . | . . . . . Average Corruption . | . . . . . Corruption Purged . | . . . . . Corruption Blocked . | . . . . . Overload Shots . | . . . . . Overflow Damage 4 | . . 4 . . Projectiles . | . . . . . Explosions . | . . . . . Melee 4 | . . 4 . . Knockbacks . | . . . . . Impact . | . . . . . Kinetic . | . . . . . Secondary . | . . . . . Self-Inflicted Damage . | . . . . . Shots . | . . . . . Rammed 14 | . 14 . . . Targets Rammed 14 | . 14 . . . Kicked . | . . . . . Crushed . | . . . . . Highest Temperature 4 | . 4 . . . Average Temperature 4 | . 4 . . . Received Heat Transfer 378 | . 366 . 12 . Siege Activations . | . . . . . Martial Activations . | . . . . . Shielding Activations . | . . . . . Robots Disrupted . | . . . . . Combat Hostiles . | . . . . . Robots Corrupted . | . . . . . Combat Hostiles . | . . . . . Parts Fried . | . . . . . Impact Corruptions . | . . . . . Robots Melted . | . . . . . Combat Hostiles . | . . . . . Parts Melted . | . . . . . Heat Transferred . | . . . . . Parts Sabotaged . | . . . . . Parts Stolen . | . . . . . Parts Stripped . | . . . . . Power Chain Reactions . | . . . . . Alert | -11 -10 -10 -10 -9 ------- Run | Yrd Mat Min Sub Scr Maximum Alert Level 1 | . 1 . . . Low Security (%) 98 | 100 97 100 . . Level 1 1 | . 2 . . . Level 2 . | . . . . . Level 3 . | . . . . . Level 4 . | . . . . . Level 5 . | . . . . . High Security . | . . . . . Max Security . | . . . . . Peak Influence 212 | . 212 60 . . Initial 16 | . . 16 . . Average 74 | . 97 17 . . Influence Increases 500 | . 425 75 . . Destroy 0b10 Robot/C 200 | . 140 60 . . Destroy 0b10 Robot/NC 30 | . 25 5 . . Destroy Leader 34 | . 24 10 . . Successful Hack 23 | . 23 . . . Destroy Structure 3 | . 3 . . . Partial Spotted 15 | . 15 . . . Lose Combat Pursuer 195 | . 195 . . . Influence Decreases 500 | . 381 119 . . Entered New Map 28 | . . 28 . . Time Decay 452 | . 361 91 . . Lost Part 20 | . 20 . . . Squads Dispatched 3 | . 2 1 . . Investigation 2 | . 1 1 . . Extermination . | . . . . . Reinforcement 1 | . 1 . . . Assault . | . . . . . Garrison . | . . . . . Intercept . | . . . . . Searches Triggered . | . . . . . Construction Impeded . | . . . . . Haulers Reinforced . | . . . . . Active Scanning Responses . | . . . . . Cargo Convoy Interrupts . | . . . . . Stealth | -11 -10 -10 -10 -9 --------- Run | Yrd Mat Min Sub Scr Distress Signals 4 | . 4 . . . Communications Jammed . | . . . . . Distress Signals . | . . . . . Times Spotted 37 | . 29 3 1 4 Peak Tracking Total 11 | . 11 3 1 2 Tactical Retreats 5 | . 5 . . . Traps | -11 -10 -10 -10 -9 ------- Run | Yrd Mat Min Sub Scr Traps Triggered 1 | . 1 . . . Indirectly . | . . . . . Trap Hack Attempts . | . . . . . Triggered . | . . . . . Disarmed . | . . . . . Reprogrammed . | . . . . . Reused . | . . . . . Traps Extracted . | . . . . . Installed . | . . . . . Triggered . | . . . . . Most Traps Carried 1 | . . . . 1 Machines | -11 -10 -10 -10 -9 ---------- Run | Yrd Mat Min Sub Scr Machines Disabled 1 | . . . . 1 Max in Single Turn 1 | . . . . 1 Machines Repaired . | . . . . . Machines Dismantled . | . . . . . Machines Sabotaged . | . . . . . Overloaded Fab Kills . | . . . . . Hacking | -11 -10 -10 -10 -9 --------- Run | Yrd Mat Min Sub Scr Machines Accessed 9 | . 6 1 . 2 Terminals 4 | . 4 . . . Fabricators . | . . . . . Repair Stations . | . . . . . Recycling Units 2 | . 2 . . . Scanalyzers . | . . . . . Garrison Access . | . . . . . Total Hacks 39 | . 15 1 . 23 Successful 34 | . 10 1 . 23 Failed 5 | . 5 . . . Catastrophic . | . . . . . Database Lockouts . | . . . . . Manual 12 | . 12 . . . Terminals 13 | . 13 . . . Fabricators . | . . . . . Repair Stations . | . . . . . Recycling Units 2 | . 2 . . . Scanalyzers . | . . . . . Garrison Access . | . . . . . Terminal Hacks 28 | . 4 1 . 23 Record 22 | . . . . 22 Robot Analysis 2 | . 2 . . . Open Door 1 | . . 1 . . Locate Traps 1 | . 1 . . . Zone Layout 1 | . 1 . . . Proto ID Catalog 1 | . . . . 1 Fabricator Hacks . | . . . . . Repair Station Hacks . | . . . . . Recycling Unit Hacks 2 | . 2 . . . Retrieve Components 2 | . 2 . . . Scanalyzer . | . . . . . Garrison Access Hacks . | . . . . . Unauthorized Hacks 4 | . 4 . . . Terminals 4 | . 4 . . . Botnet 2 | . 2 . . . Skim 2 | . 2 . . . Fabricators . | . . . . . Repair Stations . | . . . . . Recycling Units . | . . . . . Scanalyzers . | . . . . . Garrison Access . | . . . . . Data Cores Recovered . | . . . . . Used . | . . . . . Hacking Detections 3 | . 3 . . . Full Trace Events . | . . . . . Feedback Events . | . . . . . Feedback Blocked . | . . . . . Robot Schematics Acquired . | . . . . . Robots Built . | . . . . . Authchips . | . . . . . Time . | . . . . . Total Robot Build Rating . | . . . . . Part Schematics Acquired . | . . . . . Parts Built . | . . . . . Authchips . | . . . . . Time . | . . . . . Total Part Build Rating . | . . . . . Part Studies Acquired . | . . . . . Parts Repaired . | . . . . . Time . | . . . . . Parts Recycled . | . . . . . Recycled Matter . | . . . . . Retrieved Matter . | . . . . . Retrieved Components 5 | . 5 . . . Parts Scanalyzed . | . . . . . Part Schematics Acquired . | . . . . . Parts Damaged . | . . . . . Bothacking | -11 -10 -10 -10 -9 ------------ Run | Yrd Mat Min Sub Scr Used RIF Installer . | . . . . . Robots Hacked . | . . . . . Non-combat . | . . . . . Combat . | . . . . . Robot Hacks Applied . | . . . . . Relay Couplers Released . | . . . . . Fabnet Peak Effective % . | . . . . . Robots Rewired . | . . . . . Allies Hacked . | . . . . . Hacks Repelled . | . . . . . Allies | -11 -10 -10 -10 -9 -------- Run | Yrd Mat Min Sub Scr Total Allies . | . . . . . Largest Group . | . . . . . Highest-Rated Group . | . . . . . Highest-Rated Ally . | . . . . . Total Orders . | . . . . . Ally Attacks . | . . . . . Total Damage . | . . . . . Kills . | . . . . . Allies Corrupted . | . . . . . Allies Melted 2 | . . . . 2 Intel | -11 -10 -10 -10 -9 ------- Run | Yrd Mat Min Sub Scr Active Infowar (turns) . | . . . . . Robot Analysis Total 2 | . 2 . . . Derelict Logs Recovered 2 | . . 2 . . Drone Launches . | . . . . . Drone Recoveries . | . . . . . Exploration | -11 -10 -10 -10 -9 ------------- Run | Yrd Mat Min Sub Scr Turns Passed 3444 | 64 1042 323 251 1764 Spaces Moved 2072 | 39 617 150 95 1171 Core 275 | 6 174 . . 95 Treads 346 | 33 313 . . . Legs 646 | . 130 150 95 271 Wheels 805 | . . . . 805 Hover . | . . . . . Flight . | . . . . . Fastest Speed 50 | 50 50 190 190 50 Average Speed 132 | 143 136 190 190 117 Slowest Speed 500 | 160 500 190 190 260 Overloaded Moves . | . . . . . Propulsion Burnouts . | . . . . . Robots Hopped . | . . . . . Potential Cave-ins . | . . . . . Cave-ins Triggered . | . . . . . Exploration Rate (%) 38 | 3 69 27 7 86 Regions Visited 4 Branch Regions 3 Pre-discovered Areas 4 | . . . . 4 Known Exits Taken . | . . . . . Unknown Exits Taken 4 | 1 1 1 1 . Scrap Searched 9 | . . 1 2 6 Spaces Dug 5 | . 3 . 2 . Terrain Destroyed 5 | . 3 . 2 . Melee 5 | . 3 . 2 . Projectile . | . . . . . AOE . | . . . . . Terrain Rammed . | . . . . . Walls Destroyed . | . . . . . Machines Disabled . | . . . . . Actions | -11 -10 -10 -10 -9 --------- Run | Yrd Mat Min Sub Scr Total 2656 | 45 731 169 144 1567 Wait 415 | . 35 5 39 336 Move 2068 | 38 616 149 94 1171 Hop . | . . . . . Pick Up 46 | 3 15 2 . 26 Fast Attach 17 | 4 7 1 . 5 Attach 3 | . 1 . . 2 Detach 2 | . 2 . . . Swap 3 | . . . 1 2 Drop 31 | . 5 3 . 23 Fire . | . . . . . Melee 57 | . 36 9 10 2 Ram . | . . . . . Kick . | . . . . . Crush 14 | . 14 . . . Escape Stasis . | . . . . . Rewire . | . . . . . Trap . | . . . . . Miscellaneous . | . . . . . Route ------- -11/Scrapyard -10/Materials (discovered 3 exits: [*Mat x2] / *Min) -10/Mines -10/Subcaves -9/Scraptown (discovered 1 exit: [*Fac]) History --------- Turn | Location | Event 13 | -11/Scrapyard | Discovered new exit (range 14) 65 | -11/Scrapyard | Entered Materials 299 | -10/Materials | Discovered new exit (range 6) 314 | -10/Materials | Build established: Mutant 366 | -10/Materials | Core integrity fell below 50% 540 | -10/Materials | Discovered new exit (range 16) 1028 | -10/Materials | Discovered new exit (range 12) 1107 | -10/Materials | Entered Mines 1120 | -10/Mines | Build established: Scavenger-Mutant 1125 | -10/Mines | Learned Materials security intel 1195 | -10/Mines | Learned Materials terminal intel 1386 | -10/Mines | Met a Derelict shopkeep closing up shop 1401 | -10/Mines | Discovered new exit (range 9) 1430 | -10/Mines | Entered Subcaves 1431 | -10/Subcaves | Approached by a straggling Scientist 1566 | -10/Subcaves | Disturbed a concealed Subdweller 1655 | -10/Subcaves | Shifting Twisted Machinery released Mak. Flight Unit 1676 | -10/Subcaves | Scientist uncovered a shortcut to Scraptown 1681 | -10/Subcaves | Entered Scraptown 1710 | -9/Scraptown | Build established: Mutant 2037 | -9/Scraptown | Discovered new exit (range 13) 2087 | -9/Scraptown | Visited Cyclists 2125 | -9/Scraptown | Visited Bundlers 2385 | -9/Scraptown | Visited Shadow of the Wyrm 2400 | -9/Scraptown | Visited Red Mages 2471 | -9/Scraptown | Visited Fellowship of the Rings 2484 | -9/Scraptown | Visited Symbiants 2507 | -9/Scraptown | Visited UFD Registry 2507 | -9/Scraptown | Registered with UFD as "Protoncore" 2540 | -9/Scraptown | Visited LU-1G1's Boring Crew 2577 | -9/Scraptown | Visited Curators Association 2595 | -9/Scraptown | Visited Observation Area 2609 | -9/Scraptown | Visited Cartography Club 2653 | -9/Scraptown | Found Deep Structural Scanner 2660 | -9/Scraptown | Learned location of Storage (-9) 2660 | -9/Scraptown | Learned location of Upper Caves (-5) 2660 | -9/Scraptown | Learned location of Cetus (-6) 2660 | -9/Scraptown | Learned location of Armory (-4) 2660 | -9/Scraptown | Learned 16 Factory zone layouts 2660 | -9/Scraptown | Learned 8 Research zone layouts 2660 | -9/Scraptown | Learned 4 Recycling zone layouts 2660 | -9/Scraptown | Learned 16 Lower Caves zone layouts 2660 | -9/Scraptown | Learned 20 Lower Caves zone layouts 2660 | -9/Scraptown | Learned 16 Upper Caves zone layouts 2660 | -9/Scraptown | Learned 16 Proximity Caves zone layouts 2660 | -9/Scraptown | Learned 24 Proximity Caves zone layouts 2660 | -9/Scraptown | Learned 4 Hub_04(d) zone layouts 2660 | -9/Scraptown | Learned 4 Armory zone layouts 2660 | -9/Scraptown | Learned Storage emergency access door positions 2660 | -9/Scraptown | Learned location of 1 exit from Factory 2660 | -9/Scraptown | Learned location of 1 exit from Research 2660 | -9/Scraptown | Learned location of 3 exits from Proximity Caves 2742 | -9/Scraptown | Visited Derelict Rescue Squad 2766 | -9/Scraptown | Visited Scrapoid Pod Storage 2782 | -9/Scraptown | Visited Junk Cannon Lab 2800 | -9/Scraptown | Visited Scrap Suit Storage 2814 | -9/Scraptown | Visited Science Guys 2998 | -9/Scraptown | Met Optimus 2998 | -9/Scraptown | Accepted into 0bPrime 3398 | -9/Scraptown | Civil war broke out across Scraptown 3404 | -9/Scraptown | Found Thermal Lance 3444 | -9/Scraptown | Core integrity fell below 20% 3445 | -9/Scraptown | Destroyed by II-TKL(x) with Makeshift Spear Last Messages --------------- this." 03401_ LR-ZT8(c) destroyed. 03402_ Optimus: "No holds barred, if they're hostile, they are an enemy of the people and we must shoot to kill. Collateral damage is to be expected!" 03404_ Acquired Thermal Lance. 03408_ Machine disabled. 03414_ Acquired 20 matter. 03415_ Bolt penetrates Optimus. 03417_ Slug penetrates Machine. 03420_ Slug penetrates NG-6UG(h). 03420_ Bolt penetrates Optimus. 03422_ Slug penetrates Machine. 03424_ Slug penetrates NG-6UG(h). 03424_ NG-6UG(h) destroyed. 03425_ Acquired 20 matter. 03428_ 9F-J9U(j) heat short circuits Scrap Suit. 03428_ 9F-J9U(j) destroyed. 03440_ 2W-42H(E) destroyed. 03443_ II-TKL(x) Trap Scanner severed. Map ----- +----------------------------------------------------+ | ########## ########### ##### ## ##???#####??????? | | """""""""" """"""""""" """"" "" "#???"""""??????? | | "#?? " "" "#????? | | "#?? " "" "#????? | | "#?" "#????? | | "##" """"#????? | | " "#????? | | """""""""""""""""""""""""""" "##" " "" "#????? | | """""""""""""""""""""""""""" "#?" " "" ??????? | | ""###### ################"" "#?? """"???????? | | ""# ##????????#"" "##############?? | | ""# X"#????????#"" "## """"""""#?? | | ""# "" "" ##????????#"" "## " " " "#?? | | ""# "" "" X"#??????###"" "## &"#?? | | ""# " " ######### #"" "## &"#?? | | "" "" & &"#?? | | "" "" = ## ""#?? | | ""# " " ######### #"" *! "## " " " "#?? | | ""# "" "" ""#??????###"" "## """"""""#?? | | ""# "" "" ##????????#"" j "##############?? | | ""# X"?????????#"" "########???????? | | ""# ##????????#" "##"""" #???????? | | ""###### ################"" "## "#???????? | | """"""""""""""""""""""""""" ="## "#???????? | | """""""""""""""""""""""" "" !%=j !"#???????? | | @x ["## "#???????? | | ! "## "#???????? | | [%[! "## "#???????? | | = ! *%! ##"""""#???????? | | != !%*%[ ==[ !![ #######???????? | | "" "" " """"""" "" """%j ##?????????????? | | !########### ########### ######! #??????????????? | | "#??? ???# #!= #??????????????? | | #??# #?# # = #??????????????? | | " ""#?#" !"## # #??????????????? | | " ""#?#"! !"###"###"| """# #??????????????? | | ""#?#"! "#?????#" "# #??????????????? | | """"#?#"! !"#?????#" ""# ############???? | | """#?#"! "#?????#" ""# #???? | | "#?####X ##?????#" ""# ##???? | | """#?????" "???????? ""# #???? | | """""#????? !"????????"""""# #???? | | """"""#?????#####????????"""""# #???? | | #######???????????????????##### ############???? | | ?############################## #####??????????? | | ?#"""##"""##"""##"""##"""##"|"# """"#??????????? | | ## ""## ""##" "##"""##""|##" # "" "#??????????? | | "#??????????? | | " "#??????????? | | """"#??????????? | +----------------------------------------------------+ Best States ------------- Heat Dissipation 39 Energy Generation 18 Energy Capacity 310 Matter Stores 300 Matter Capacity 300 Sight Range 16 Terrain Scan Density 10 Armor Coverage 225 Evasion (%) 50 Recoil Reduction 2 Item Schematics ----------------- None Robot Schematics ------------------ None Fabricated ------------ Nothing Repaired ---------- Nothing Studied --------- None Alien Tech Used ----------------- None Achievements -------------- None Challenges ------------ None Game ------ Seed SubatomicWeightMaul Manual? 0 Play Time 00:18:59 Cumulative 1583.4 hours Start 2025.10.23 @ 15:41:30 End 2025.10.23 @ 15:57:55 Sessions 1 Manual Loads 0 Difficulty Rogue Special Mode None Game No. 1125 Rogue 1085 Adventurer 40 Explorer 0 Win Type - Total 200 Types 86/10/74/2/2/4/16/2/1/3 Lore% 97 Gallery% 97 Achievement% 75 Wizard Run 0 Options --------- Layout 0 ASCII 0 Keyboard 0 Movement Numpad Keybinds 0 Fullscreen 0 Font 20/Terminus Map View 76x50 Zoom Use 0% Tactical HUD 1 Map Filters NONE Filters NONE Steam 1 RUN: b2b8f1c1-d235-4cb9-a191-e4e6820e645d